AoeStats
← diekaiserwurst

Lombardia

509917824Analyzed
2v2 RM · 4d ago on Sep 28, 2026· 43m 12s· 4 players
Game mode
Random Map
Map size
Medium (4 player)
Population
200
Speed
Normal
Resources
Standard
Victory
Conquest
Starting age
Dark Age
Ending age
Imperial Age
RankedLock teamsTeams togetherTeam positionsShared explorationLock speedFull tech treeHidden civsTurbo modeCheats
Victory
Defeat
🇹🇼 Vikings · Taiwan
1234
+16
🇹🇼 Magyars · Taiwan
1211
+16
🇦🇹 Magyars · Austria
1229
-16
🇦🇹 Varangians · Austria
1228
-16
死神兒
7:18 Loom
10:14 Feudal Age
11:19 Gold Mining
12:07 Double-Bit Axe
14:21 Fletching
16:17 Padded Archer Armor
23:10 Castle Age
23:59 Bodkin Arrow
23:26 Crossbowman
32:09 Ballistics
36:15 Imperial Age
36:19 Arbalester
36:46 Horse Collar
37:28 Bracer
41:49 Chemistry
軒Syuan
5:57 Loom
6:17 Loom
10:14 Feudal Age
11:15 Double-Bit Axe
11:11 Horse Collar
22:10 Castle Age
21:21 Gold Mining
22:13 Scale Barding Armor
22:22 Bloodlines
24:00 Chain Barding Armor
25:04 Heavy Plow
25:16 Bow Saw
25:54 Town Watch
26:43 Husbandry
27:55 Wheelbarrow
32:08 Hand Cart
32:39 Stone Mining
35:28 Town Patrol
36:12 Gold Shaft Mining
40:18 Imperial Age
41:54 Plate Barding Armor
40:43 Cavalier
42:32 Paladin
chopper
6:05 Loom
9:07 Feudal Age
10:36 Double-Bit Axe
13:11 Bloodlines
16:44 Town Watch
22:40 Castle Age
21:24 Scale Barding Armor
21:44 Fletching
21:55 Horse Collar
22:07 Gold Mining
24:14 Bow Saw
24:33 Bodkin Arrow
24:03 Elite Skirmisher
24:58 Padded Archer Armor
28:50 Leather Archer Armor
30:51 Ballistics
31:17 Husbandry
40:06 Imperial Age
38:46 Wheelbarrow
41:04 Hand Cart
40:50 Bracer
41:50 Ring Archer Armor
43:30 Chemistry
diekaiserwurst
7:52 Loom
9:58 Feudal Age
21:58 Castle Age
21:13 Double-Bit Axe
24:14 Bow Saw
24:06 Horse Collar
35:51 Wheelbarrow
37:17 Bloodlines
37:15 Scale Barding Armor
38:50 Chain Barding Armor
39:35 Hand Cart
40:27 Gold Mining
Connection lost

Rejoining the realm…

Still unreachable

The connection could not be restored.

Session expired

The server has moved on; the page needs a fresh start.